 Dungeon Crawl Stone Soup version 0.23.0-3-gf3c87f2 (webtiles) character file.

Game seed: 4456887495251999540

80 Monsterracer the Chopper (level 4, 0/40 HPs)
             Began as a Minotaur Berserker on Feb 24, 2019.
             Was a Believer of Trog.
             Succumbed to Terence's poison
             ... on level 2 of the Dungeon.
             The game lasted 00:00:36 (980 turns).

Monsterracer the Chopper (Minotaur Berserker)        Turns: 980, Time: 00:00:37

Health: 0/40       AC:  9    Str: 23    XL:     4   Next: 18%
Magic:  3/3        EV:  8    Int:  4    God:    Trog [**....]
Gold:   28         SH:  0    Dex:  9    Spells: 3/3 levels left

rFire    + . .     SeeInvis .   c - 4 rations
rCold    + . .     Gourm    .   (no shield)
rNeg     . . .     Faith    .   e - +0 chain mail
rPois    +         Spirit   .   (helmet restricted)
rElec    +         Reflect  .   (no cloak)
rCorr    +         Harm     .   (no gloves)
MR       .....                  (no boots)
Stlth    ..........             (no amulet)
HPRegen  0.13/turn              (no ring)
MPRegen  0.08/turn              (no ring)

@: lethally poisoned (0 -> 0), resistant, berserk cooldown, slowed, very slow
A: retaliatory headbutt, horns 2
a: Berserk, Trog's Hand, Renounce Religion


You were on level 2 of the Dungeon.
You worshipped Trog.
Trog was pleased with you.
You were very hungry.

You visited 1 branch of the dungeon, and saw 2 of its levels.

You collected 28 gold pieces.


Innate Abilities, Weirdness & Mutations

You reflexively headbutt those who attack you in melee.
You have a pair of horns on your head.


   Skills:
 + Level 4.3 Fighting
 * Level 5.0 Axes
 + Level 3.4 Armour
 - Level 2.1 Dodging


You had 3 spell levels left.
You didn't know any spells.
Your spell library was empty.

Inventory:

Hand Weapons
 a - a +0 hand axe
Armour
 e - a +0 chain mail (worn)
   (You found it on level 1 of the Dungeon)
Scrolls
 d - 2 scrolls of teleportation {unknown}
 f - a scroll of remove curse {unknown}
Comestibles
 c - 4 rations (in hand)

Dungeon Overview and Level Annotations

Branches:
Dungeon (2/15)

Altars:
Uskayaw

###+#.....?.. .#
#...!........ .#
#....))...... .#
#.....####### .#
#........#### .#
#........(..# .#
#..†........# ####.#..
####...........#
.....'......'...@....)..#
.###.#. .####.....#######
.###.# #.....# ..##.#
#.....# #.##.# #.....#
#.##.# ###.....########
#.##.# #..............#
#..#.# #...)..........#
.....# #......).......#


There were no monsters in sight!


Message History

You hit the goblin.
You feel very sick. The goblin barely misses you. You furiously retaliate!
You headbutt the goblin!
You kill the goblin!
Trog accepts your kill. Terence hits you but does no damage.
You hit Terence.
You kill Terence!
Trog accepts your kill.
Your Axes skill increases to level 5!
You have reached level 4!
You feel stronger.
You feel sick.
You take 3 damage, and have 22/40 hp.
MP restored: 3 You feel sick.
Things that are here:
a +2 trident of venom; a +0 scale mail You take 2 damage, and have 20/40 hp.
You feel sick.
You take 2 damage, and have 18/40 hp.
You feel sick.
You take 1 damage, and have 17/40 hp.
You feel sick.
You take 2 damage, and have 15/40 hp.
You feel sick.
You feel sick.
You take 2 damage, and have 13/40 hp.
* * * LOW HITPOINT WARNING * * *
You feel sick.
You take 1 damage, and have 12/40 hp.
* * * LOW HITPOINT WARNING * * *
You feel sick.
You take 1 damage, and have 11/40 hp.
A red film seems to cover your vision as you go berserk!
You feel yourself moving faster!
You feel mighty!
You are feeling very hungry.
You feel sick.
You now have 16/60 hp.
You feel a strong urge to attack something.
You feel sick.
You take 1 damage, and have 15/60 hp.
Unknown command.
You feel your anger nearly subside.
You feel sick.
Things that are here:
a +2 trident of venom; a +0 scale mail You take 1 damage, and have 14/60 hp.
You are no longer berserk.
You are exhausted.
You feel yourself slow down.
* * * LOW HITPOINT WARNING * * *
You feel sick.
You now have 8/40 hp.
* * * LOW HITPOINT WARNING * * *
You feel sick.
Things that are here:
a +2 trident of venom; a +0 scale mail
* * * LOW HITPOINT WARNING * * *
You feel sick.
You take 1 damage, and have 7/40 hp.
* * * LOW HITPOINT WARNING * * *
You feel sick.
You take 1 damage, and have 6/40 hp.
* * * LOW HITPOINT WARNING * * *
You feel sick.
You take 1 damage, and have 5/40 hp.
* * * LOW HITPOINT WARNING * * *
You feel sick.
You take 1 damage, and have 4/40 hp.
* * * LOW HITPOINT WARNING * * *
You feel sick.
* * * LOW HITPOINT WARNING * * *
You feel sick.
You take 1 damage, and have 3/40 hp.
It was a potion of resistance.
You feel protected.
* * * LOW HITPOINT WARNING * * *
You feel sick.
You take 1 damage, and have 2/40 hp.
You are now empty-handed.
Wield which item (- for none, * to show all)? (? for menu, Esc to quit)
You are already empty-handed.
Wield which item (- for none, * to show all)? (? for menu, Esc to quit)
c - 4 rations (in hand)
You swing at nothing.
* * * LOW HITPOINT WARNING * * *
You feel sick.
You take 1 damage, and have 2/40 hp.
You swing at nothing.
You swing at nothing.
* * * LOW HITPOINT WARNING * * *
You feel sick.
You take 1 damage, and have 1/40 hp.
You swing at nothing.
* * * LOW HITPOINT WARNING * * *
You feel sick.
You swing at nothing.
You swing at nothing.
You die...

Skill      XL: |  1  2  3 |
---------------+----------+-----
Axes           | 4 5 |  5.0
Fighting       | 4 |  4.3
Armour         | 3 |  3.4
Dodging        | |  2.1

Action                   |  1- 3 |  4- 6 || total
-------------------------+-------+-------++-------
Melee: Hand axe          |    72 |       ||    72
       Headbutt          |     7 |       ||     7
Invok: Berserk           |       |     1 ||     1
  Use: Potion            |       |     1 ||     1
Armor: Animal skin       |     4 |       ||     4
       Chain mail        |    25 |       ||    25
Dodge: Dodged            |    48 |       ||    48

Levels and vault maps discovered:
D:1:      minmay_arrival_cross, layout_basic
D:2:      layout_basic, dancing_weapons_uskayaw, uniq_terence

Notes
Turn   | Place    | Note
-------+----------+-------------------------------------------
     0 | D:1      | Monsterracer the Minotaur Berserker began the quest for the
                  | Orb.
     0 | D:1      | Reached XP level 1. HP: 19/19 MP: 0/0
    90 | D:1      | Reached skill level 4 in Axes
    90 | D:1      | Reached XP level 2. HP: 24/27 MP: 1/1
   621 | D:1      | Reached XP level 3. HP: 31/33 MP: 2/2
   733 | D:2      | Found a hide-covered altar of Uskayaw.
   733 | D:2      | Noticed a +0 dagger
   734 | D:2      | Noticed a +0 hand axe
   761 | D:2      | Reached ** piety under Trog
   940 | D:2      | Noticed Terence
   949 | D:2      | Killed Terence
   949 | D:2      | Reached skill level 5 in Axes
   949 | D:2      | Reached XP level 4. HP: 24/40 MP: 3/3
   972 | D:2      | HP: 2/40 [poisoned by Terence]
   977 | D:2      | HP: 1/40 [poisoned by Terence]
   980 | D:2      | Succumbed to Terence's poison

Vanquished Creatures
  Terence (D:2)
  An adder (D:2)
  An ooze (D:2)
  A dart slug (D:1)
  2 leopard geckos (D:1)
  4 giant cockroaches (D:1 D:2)
  3 goblins (D:1 D:2)
  5 hobgoblins (D:1 D:2)
  2 ball pythons (D:1 D:2)
  4 bats (D:1 D:2)
  2 frilled lizards (D:1)
  6 kobolds (D:1 D:2)
  7 rats (D:1 D:2)
39 creatures vanquished.

Table legend:
 A = Turns spent in this place as a percentage of turns spent in the entire game.
 B = Non-inter-level travel turns spent in this place as a percentage of non-inter-level travel turns spent in the entire game.
 C = Inter-level travel turns spent in this place as a percentage of turns spent in this place.
 D = Turns resting spent in this place as a percentage of non-inter-level travel turns spent in this place.
 E = Turns spent auto-exploring this place as a percentage of non-inter-level travel turns spent in this place.
 F = Non-inter-level travel turns spent in this place divided by the number of levels of this place that you've seen.
                   A       B       C       D       E      F
               +-------+-------+-------+-------+-------+----------------------
         Total | 100.0 | 100.0 |   4.3 |   0.0 |  78.6 | 469.0
       Dungeon | 100.0 | 100.0 |   4.3 |   0.0 |  78.6 | 469.0
               +-------+-------+-------+-------+-------+----------------------

Table legend:
 A = Non-vault XP
 B = Vault XP
 C = Vault XP percentage of total XP
 D = Non-vault monster count
 E = Vault monster count
 F = Vault count percentage of total count
                 A         B        C        D         E       F
            +---------+---------+-------+---------+---------+-------
      Total |      79 |      36 |  31.3 |      38 |       1 |   2.6
            +---------+---------+-------+---------+---------+-------
        D:1 |      42 |       0 |   0.0 |      25 |       0 |   0.0
        D:2 |      37 |      36 |  49.3 |      13 |       1 |   7.1
            +---------+---------+-------+---------+---------+-------
